 Dungeon Crawl Stone Soup version 0.29.0-4-gdea44cf6ec (webtiles) character file.

Game seed: 7351124055752700609

0 qw the Sneak (level 1, -5/14 HPs)
             Began as a Gargoyle Delver on Sept 10, 2022.
             Slain by a black bear (6 damage)
             ... on level 5 of the Dungeon.
             The game lasted 00:00:01 (31 turns).

qw the Sneak (Gargoyle Delver)                        Turns: 31, Time: 00:00:02

Health: -5/14      AC:  5    Str: 15    XL:     1   Next: 0%
Magic:  1/1        EV: 11    Int: 10    God:
Gold:   0          SH:  0    Dex: 11    Spells: 0/0 levels left

rFire   . . .      SeeInvis .   a - +0 hand axe
rCold   . . .      Faith    .   (no shield)
rNeg    + . .      Spirit   .   b - +0 leather armour
rPois   inf        Reflect  .   (no helmet)
rElec   +          Harm     .   (no cloak)
rCorr   .          Rampage  .   (no gloves)
Will    .....                   (no boots)
Stlth   +++.......              (no amulet)
HPRegen 0.04/turn               (no ring)
MPRegen 0.07/turn               (no ring)

@: no status effects
A: sickness immunity, AC +2, negative energy resistance 1, electricity
resistance, torment resistance 1, petrification resistance
a: no special abilities


You were on level 5 of the Dungeon.
You visited 1 branch of the dungeon, and saw 1 of its levels.


Innate Abilities, Weirdness & Mutations

You are immune to sickness and miasma.
Your stone body is resilient. (AC +2)
You are immune to poison.
You resist negative energy. (rN+)
You are resistant to electric shocks. (rElec)
You are resistant to unholy torment.
You are immune to petrification.


   Skills:
 - Level 3.2 Fighting
 + Level 1.7 Axes
 - Level 1.5 Dodging
 - Level 5.4 Stealth


You couldn't memorise any spells.
You didn't know any spells.
Your spell library was empty.

Inventory:

Hand Weapons
 a - a +0 hand axe (weapon)
Armour
 b - a +0 leather armour (worn)
Wands
 g - a wand of digging (3)
Scrolls
 c - a scroll of fog
 d - a scroll of magic mapping
 e - a scroll of fear
 i - a scroll of teleportation {unknown}
 j - a scroll of identify {unknown}
Potions
 f - a potion of haste
 h - 2 potions of curing {unknown}

Dungeon Overview and Level Annotations

Branches:
Dungeon (5/15)
 Temple: D:4-7

Altars:


Message History

4 ||| Stepping ~*~*~tactically~*~*~ (stealth).
h - 2 fizzy dark potions
i - a scroll labelled YHOWOJ VUJA
Found a scroll labelled ILAM YWOOPU.
j - a scroll labelled RIDWIW OKUGO
21 ||| Stepping ~*~*~tactically~*~*~ (stealth).
A hound comes into view.
The hound barks!
A black bear comes into view.
The black bear growls angrily.
An orc comes into view.
It is wielding a +1 hand axe of freezing.
The hound bites you but does no damage. x2
The orc shouts!
The centaur shouts!
You hit the hound but do no damage. The hound barely misses you.
You hit the hound.
The hound is moderately wounded.
The hound bites you. The hound closely misses you.
You completely miss the hound.
The hound is moderately wounded.
You closely miss the black bear. The hound closely misses you.
The black bear bites you but does no damage.
The black bear claws you but does no damage.
The black bear claws you. The hound closely misses you.
You barely miss the hound.
The hound is moderately wounded.
You closely miss the black bear. The hound bites you but does no damage.
The black bear bites you. The black bear closely misses you.
The black bear claws you but does no damage.
The hound misses you. The black bear bites you.
The black bear claws you but does no damage.
The black bear barely misses you.
You hit the hound but do no damage.
The hound is moderately wounded.
You barely miss the black bear. The hound bites you but does no damage.
The hound bites you. The black bear bites you.
You die...

#... ... # #.. #.
... #.###.#
#...?c# #.ohh#
#...@# #....#
####.# #....#
#####....#
##........#.#
##+#...........#
###........#....##
#............####


You could see a black bear, a centaur, a hound and an orc.

Vanquished Creatures (others)
  An orc (D:5)
1 creature vanquished.

Notes
Turn   | Place    | Note
-------+----------+-------------------------------------------
     0 | D:5      | qw the Gargoyle Delver began the quest for the Orb.
     0 | D:5      | Reached XP level 1. HP: 14/14 MP: 1/1
     0 | D:5      | 0 ||| qw: Version: 0.1-a-116-g5d60599
     0 | D:5      | 0 ||| qw: Game counter: 8896
     0 | D:5      | 0 ||| qw: Always use a shield: true
     0 | D:5      | 0 ||| qw: God list: Okawaru
     0 | D:5      | 0 ||| qw: Allow faded altars: false
     0 | D:5      | 0 ||| qw: Do Orc after D:15 true
     0 | D:5      | 0 ||| qw: Do second Lair branch before Depths: true
     0 | D:5      | 0 ||| qw: Lair rune preference: random
     0 | D:5      | 0 ||| qw: Plans: Normal
     0 | D:5      | 0 ||| PLANNING D:1-11
     3 | D:5      | Noticed a centaur
     4 | D:5      | 4 ||| Stepping ~*~*~tactically~*~*~ (stealth).
    21 | D:5      | 21 ||| Stepping ~*~*~tactically~*~*~ (stealth).
    23 | D:5      | Noticed a hound
    24 | D:5      | Noticed a black bear
    30 | D:5      | HP: 2/14 [black bear (4)]
    31 | D:5      | Slain by a black bear

Levels and vault maps discovered:
D:5:      layout_basic, cheibrodos_sewer_entry_sluice, lemuel_flamethrower_2

Action                   || total
-------------------------++-------
Melee: Hand axe          ||     5
Armor: Leather armour    ||     8
Dodge: Dodged            ||     7

Table legend:
 A = Non-vault XP
 B = Vault XP
 C = Vault XP percentage of total XP
 D = Non-vault monster count
 E = Vault monster count
 F = Vault count percentage of total count
                 A         B        C        D         E       F
            +---------+---------+-------+---------+---------+-------
      Total |       0 |       0 |   N/A |       0 |       0 |  -nan
            +---------+---------+-------+---------+---------+-------
            +---------+---------+-------+---------+---------+-------
